AoeStats
← ogipochi_

Coastal Forest

503598131Analyzed
3v3 RM · 1mo ago on Sep 1, 2026· 55m 56s· 6 players
Game mode
Random Map
Map size
Normal (6 player)
Population
200
Speed
Normal
Resources
Standard
Victory
Conquest
Starting age
Dark Age
Ending age
Imperial Age
RankedLock teamsTeams togetherTeam positionsShared explorationLock speedFull tech treeHidden civsTurbo modeCheats
Victory
Defeat
🇯🇵 Goths · Japan
870
+13
🇧🇷 Maya · Brazil
847
+14
🇺🇸 Georgians · United States
847
+14
🇭🇺 Ethiopians · Hungary
854
-16
🇹🇷 Burmese · Türkiye
805
-14
🇪🇸 Aztecs · Spain
772
-18
SoltiL
15:06 Feudal Age
19:14 Wheelbarrow
18:21 Horse Collar
18:30 Double-Bit Axe
18:39 Gold Mining
18:40 Stone Mining
21:35 Castle Age
19:27 Fletching
19:37 Padded Archer Armor
19:39 Scale Mail Armor
19:50 Forging
19:48 Scale Barding Armor
23:01 Loom
23:03 Town Watch
27:55 Heavy Plow
28:33 Gold Shaft Mining
27:58 Bodkin Arrow
28:19 Leather Archer Armor
28:19 Chain Mail Armor
28:40 Iron Casting
32:20 Hand Cart
34:06 Bow Saw
34:27 Ballistics
37:36 Crossbowman
41:21 Imperial Age
41:42 Thumb Ring
41:23 Arbalester
42:08 Bracer
42:38 Ring Archer Armor
42:39 Plate Mail Armor
43:10 Blast Furnace
43:15 Chemistry
41:44 Capped Ram
44:11 Medium Warships
48:23 Siege Ram
51:11 Halberdier
51:52 Squires
51:38 Arson
53:12 Husbandry
52:33 Light Cavalry
serkanserpinli
3:53 Loom
17:43 Feudal Age
19:41 Wheelbarrow
19:03 Gold Mining
19:08 Stone Mining
22:34 Castle Age
21:35 Padded Archer Armor
21:25 Fletching
24:53 Hand Cart
26:48 Pikeman
27:29 Squires
27:15 Arson
28:06 Gambesons
31:46 Bodkin Arrow
35:18 Clinker Construction
36:56 Scale Mail Armor
44:21 Imperial Age
48:32 Imperial Age
48:15 Treadmill Crane
48:56 Ballistics
48:21 Man-at-Arms
50:03 Halberdier
misolo1201
0:40 Loom
13:55 Feudal Age
15:32 Double-Bit Axe
15:30 Horse Collar
22:26 Castle Age
25:16 Stone Mining
27:21 Squires
26:42 Pikeman
27:08 Gambesons
28:13 Stone Shaft Mining
30:27 Imperial Age
29:07 Wheelbarrow
28:21 Town Watch
30:07 Bow Saw
30:00 Heavy Plow
36:02 Chemistry
36:16 Chemistry
36:07 Conscription
38:12 Elite Jaguar Warrior
38:54 Atlatl
38:27 Elite Skirmisher
40:37 Forging
40:28 Scale Mail Armor
40:28 Padded Archer Armor
40:18 Fletching
41:46 Arson
41:50 Man-at-Arms
42:43 Long Swordsman
43:29 Two-Handed Swordsman
44:12 Bodkin Arrow
44:32 Leather Archer Armor
44:42 Chain Mail Armor
45:14 Iron Casting
ogipochi_
0:43 Loom
11:58 Feudal Age
12:25 Double-Bit Axe
12:20 Horse Collar
14:26 Wheelbarrow
13:36 Town Watch
13:45 Gold Mining
17:11 Scale Mail Armor
17:18 Scale Barding Armor
19:44 Castle Age
17:17 Man-at-Arms
19:34 Forging
20:49 Bow Saw
20:09 Long Swordsman
20:50 Squires
26:21 Pikeman
30:31 Caravan
33:11 Imperial Age
31:00 Hand Cart
31:47 Town Patrol
32:02 Heavy Plow
33:50 Iron Casting
33:16 Scale Mail Armor
33:11 Stone Mining
34:30 Stone Shaft Mining
34:27 Crop Rotation
35:00 Two-Man Saw
33:25 Two-Handed Swordsman
33:25 Halberdier
34:47 Champion
36:30 Blast Furnace
35:45 Chain Mail Armor
38:35 Conscription
38:20 Perfusion
38:21 Anarchy
37:42 Elite Huskarl
39:07 Ballistics
39:47 Chemistry
XxAn0nym0us7xX
9:39 Feudal Age
13:08 Horse Collar
13:18 Double-Bit Axe
22:06 Castle Age
24:30 Forging
24:26 Scale Barding Armor
24:38 Husbandry
25:38 Bloodlines
26:30 Town Watch
27:21 Wheelbarrow
30:24 Heavy Plow
30:37 Bow Saw
30:18 Gold Mining
30:18 Stone Mining
32:46 Iron Casting
32:31 Chain Barding Armor
33:46 Murder Holes
37:56 Imperial Age
37:55 Svan Towers
37:49 Guard Tower
39:58 Stone Shaft Mining
40:15 Aznauri Cavalry
40:14 Cavalier
43:32 Blast Furnace
43:08 Plate Barding Armor
44:45 Siege Engineers
45:41 Chemistry
44:57 Elite Monaspa
52:17 Heavy Cavalry Archer
53:23 Parthian Tactics
55:03 Fletching
55:13 Padded Archer Armor
jonastrs
0:32 Loom
11:02 Feudal Age
11:37 Town Watch
21:20 Castle Age
20:09 Horse Collar
20:17 Double-Bit Axe
21:38 Pikeman
22:13 Elite Skirmisher
23:45 Fletching
24:27 Murder Holes
29:14 Bodkin Arrow
30:24 Heavy Plow
31:18 Forging
32:07 Eagle Warrior
32:49 Squires
32:52 Scale Mail Armor
38:06 Imperial Age
36:28 Thumb Ring
37:42 Wheelbarrow
38:15 Padded Archer Armor
38:19 Gold Mining
38:51 Bow Saw
42:01 Bracer
43:07 Conscription
43:17 Hand Cart
43:29 Elite Plumed Archer
48:12 Leather Archer Armor
48:22 Hul'che Javelineers
51:23 Two-Man Saw
50:33 Town Patrol
52:35 Chemistry
51:57 Ballistics
52:10 Ring Archer Armor
54:28 Elite Eagle Warrior
Connection lost

Rejoining the realm…

Still unreachable

The connection could not be restored.

Session expired

The server has moved on; the page needs a fresh start.